 Dungeon Crawl Stone Soup version 0.28.0-53-g5a82cb258f (webtiles) character file.

Game seed: 11356193949010601555

198 hawla the Firebug (level 5, -1/21 HPs)
             Began as a Felid Fire Elementalist on May 23, 2022.
             Slain by a hound (5 damage)
             ... on level 5 of the Dungeon.
             The game lasted 00:12:03 (5763 turns).

hawla the Firebug (Felid Fire Elementalist)         Turns: 5763, Time: 00:12:04

Health: -1/21      AC:  2    Str:  4    XL:     5   Next: 47%
Magic:  0/9        EV: 18    Int: 18    God:
Gold:   942        SH:  0    Dex: 17    Spells: 2/9 levels left
                                        Lives:  0   Deaths: 1

rFire   . . .      SeeInvis +   (weapon unavailable)
rCold   . . .      Faith    .   (shield unavailable)
rNeg    . . .      Spirit   .   (armour unavailable)
rPois   .          Reflect  .   (helmet unavailable)
rElec   .          Harm     .   (cloak unavailable)
rCorr   .          Rampage  .   (gloves unavailable)
Will    .....      Rnd*Tele +   (boots unavailable)
Stlth   ++........              (no amulet)
HPRegen 0.07/turn               (no ring)
MPRegen 0.11/turn               (no ring)

@: quick
A: very small, claws 1, fangs 3, see invisible, speed 1, shaggy fur 2, stealthy
paws, no weapons or thrown items, no armour, multi-lived, horns 2, teleportitis
1
a: no special abilities


You were on level 5 of the Dungeon.
You visited 1 branch of the dungeon, and saw 5 of its levels.

You collected 1112 gold pieces.
You spent 170 gold pieces at shops.

Inventory:

Scrolls
 e - a scroll of fog
 f - 4 scrolls of identify
 g - a scroll of amnesia
Potions
 a - a potion of berserk rage
 b - a potion of brilliance
 h - a potion of attraction
 j - a potion of lignification {unknown}


   Skills:
 + Level 0.2 Fighting
 + Level 3.2 Dodging
 - Level 3.2 Stealth
 - Level 0.9 Unarmed Combat
 - Level 2.6 Spellcasting
 * Level 2.9 Conjurations
 * Level 5.1 Fire Magic


You had 2 spell levels left.
You knew the following spells:

 Your Spells              Type           Power      Damage    Failure   Level
a - Foxfire               Conj/Fire      64%        2x1d7     3%          1
b - Scorch                Fire           40%        2d7       3%          2
c - Flame Wave            Conj/Fire      16%        2d6       32%         4

Your spell library contained the following spells:

 Spells                   Type           Power      Damage    Failure   Level
 Summon Small Mammal      Summ           8%         N/A       17%         1
 Conjure Flame            Conj/Fire      16%        6-21      10%         3
 Inner Flame              Hex/Fire       11%        N/A       19%         3
 Call Canine Familiar     Summ           2%         N/A       45%         3
 Summon Guardian Golem    Hex/Summ       2%         N/A       45%         3
 Animate Dead             Necr           1%         N/A       86%         4
 Passage of Golubria      Tloc           2%         N/A       86%         4
 Borgnjor's Vile Clutch   Necr/Erth      1%         N/A       99%         5
 Silence                  Hex/Air        1%         N/A       99%         5
 Death Channel            Necr           1%         N/A       100%        6
 Lehudib's Crystal Spear  Conj/Erth      3%         10d3      100%        8


Dungeon Overview and Level Annotations

Branches:
Dungeon (5/15)
 Temple: D:4-7

Altars:
Ashenzari

Shops:
D:1 ?


Innate Abilities, Weirdness & Mutations

You have sharp claws.
You have razor-sharp teeth.
You have supernaturally acute eyesight. (SInv)
You cover ground quickly. (Speed+)
You are covered in thick fur. (AC +2)
Your paws help you pounce on unaware monsters.
You are incapable of wielding weapons or throwing items.
You cannot wear armour.
You gain extra lives every three experience levels.
You have a pair of horns on your head.
You are occasionally teleported next to monsters.


Message History

Confirm with . or Enter, or press ? or * to list all spells.
You conjure some foxfire!
The orc shouts!
The foxfire hits the orc but does no damage.
The foxfire hits the orc.
The orc is heavily wounded.
You aren't carrying any items that you can evoke.
You scratch the orc. Your headbutt misses the orc.
The orc is almost dead.
The orc misses you.
You barely miss the orc. You headbutt the orc.
You kill the orc!
You start resting.
A hound comes into view.
Casting: Foxfire (safe; 3% risk of failure)
Confirm with . or Enter, or press ? or * to list all spells.
You miscast Foxfire.
You are very lightly contaminated with residual magic.
Nothing appears to happen.
The hound barks!
You are too injured to fight recklessly!
You barely miss the hound. The hound closely misses you.
You closely miss the hound. You headbutt the hound.
The hound is moderately wounded.
The hound completely misses you. x2
Casting: Foxfire (safe; 3% risk of failure)
Confirm with . or Enter, or press ? or * to list all spells.
You conjure some foxfire!
The hound closely misses you.
Your magical contamination has completely faded away.
The foxfire hits the hound.
The hound is heavily wounded.
The foxfire hits the hound.
The hound is severely wounded.
The hound bites you.
* * * LOW HITPOINT WARNING * * *
The hound closely misses you.
You scratch the hound but do no damage.
The hound is severely wounded.
The hound bites you.
You die...

.....#
..........#
..........##
...........#
...........#
...........##
............#
..........).#
.......@h...#
...........##
###........# ##
#########..
..####### ###
........####
#.........####.
#........o...#
#.....<).#


You could see a hound.

Vanquished Creatures
  An ogre (D:4)
  An orc priest (D:4)
  An iguana (D:3)
  7 gnolls
  5 adders
  An adder skeleton (D:4)
  A worm (D:2)
  10 orcs
  6 endoplasms
  4 giant cockroaches
  8 goblins
  4 hobgoblins
  7 jackals
  3 quokkas
  7 ball pythons
  3 bats
  7 frilled lizards
  5 kobolds
  A rat (D:1)
82 creatures vanquished.

Vanquished Creatures (others)
  167 foxfires
167 creatures vanquished.

Grand Total: 249 creatures vanquished

Notes
Turn   | Place    | Note
-------+----------+-------------------------------------------
     0 | D:1      | hawla the Felid Fire Elementalist began the quest for the
                  | Orb.
     0 | D:1      | Reached XP level 1. HP: 7/7 MP: 4/4
   273 | D:1      | Reached skill level 3 in Fire Magic
   331 | D:1      | Found Vepam's Magic Scroll Shoppe.
   472 | D:1      | Reached XP level 2. HP: 9/11 MP: 6/6
  1214 | D:1      | Reached skill level 1 in Conjurations
  1678 | D:2      | Gained mutation: You are occasionally teleported next to
                  | monsters. [potion of mutation]
  1678 | D:2      | Gained mutation: You have a pair of small horns on your
                  | head. [potion of mutation]
  1678 | D:2      | Gained mutation: You have a pair of horns on your head.
                  | [potion of mutation]
  1682 | D:2      | Reached XP level 3. HP: 9/14 MP: 2/7
  1685 | D:2      | Learned a level 2 spell: Scorch
  2098 | D:2      | Reached XP level 4. HP: 18/18 MP: 2/8
  2103 | D:2      | Learned a level 4 spell: Flame Wave
  2966 | D:3      | Reached skill level 4 in Fire Magic
  3089 | D:3      | Reached XP level 5. HP: 20/21 MP: 1/9
  3934 | D:3      | Found a broken altar of Ashenzari.
  4304 | D:4      | Identified a scroll of acquirement
  4304 | D:4      | Acquired 926 gold pieces
  4368 | D:1      | Bought a scroll of teleportation for 33 gold pieces
  4368 | D:1      | Bought a scroll of fog for 22 gold pieces
  4368 | D:1      | Bought a scroll of teleportation for 33 gold pieces
  4368 | D:1      | Bought a scroll of identify for 22 gold pieces
  4368 | D:1      | Bought a scroll of identify for 22 gold pieces
  4368 | D:1      | Bought a scroll of amnesia for 38 gold pieces
  4979 | D:4      | Noticed an ogre
  4982 | D:4      | Killed an ogre
  4983 | D:4      | Reached skill level 5 in Fire Magic
  4983 | D:4      | Gained mutation: You are covered in thick fur. (AC +2)
                  | [Felid growth]
  4983 | D:4      | Reached XP level 6. HP: 24/24 MP: 4/10
  5283 | D:4      | HP: 1/24 [orc wizard/+0 dagger (2)]
  5284 | D:4      | Slain by an orc wizard
  5285 | D:4      | Reached XP level 5. HP: 0/21 MP: 0/9
  5382 | D:4      | HP: 1/21 [orc priest/divine providence (13)]
  5725 | D:5      | Entered Level 5 of the Dungeon
  5725 | D:5      | Noticed an ice beast
  5763 | D:5      | Slain by a hound

Illustrated notes

Levels and vault maps discovered:
D:1:      heliophobic_arrival_ceremonial_halls, layout_loops_corners,
          serial_shops, shop_fountains
D:2:      layout_loops_ring
D:3:      layout_rooms, nicolae_overflow_crystal_walls
D:4:      layout_cave_pods
D:5:      layout_cave_pods, minmay_starry_boxes

Skill      XL: |  1  2  3  4  5 |
---------------+----------------+-----
Fire Magic     | 3 4 5 |  5.1
Conjurations   | 1 2 |  2.9
Stealth        | 3 |  3.2
Dodging        | 3 |  3.2
Fighting       | |  0.2
Unarmed Combat | |  0.9
Spellcasting   | |  2.6

Action                   |  1- 3 |  4- 6 || total
-------------------------+-------+-------++-------
Melee: Unarmed           |    33 |    45 ||    78
       Bite              |     3 |     4 ||     7
       Punch             |       |     2 ||     2
       Headbutt          |       |     8 ||     8
 Cast: Foxfire           |    48 |    59 ||   107
       Scorch            |     2 |    20 ||    22
       Flame Wave        |       |     3 ||     3
  Use: Scroll            |     2 |    11 ||    13
       Potion            |     1 |     3 ||     4
 Stab: Sleeping          |     2 |       ||     2
Armor: Skin              |     2 |     4 ||     6
Dodge: Dodged            |    48 |    83 ||   131
